Map: Oxide LE

Players

HeroMarine

  • Race: Terran Terran
  • Spawn Location: 1:00

Serral - Winner!

  • Race: Zerg Zerg
  • League: Grandmaster
  • Spawn Location: 7:00

Event: StayAtHome Story Cup #3

VOD

Have the link to the VOD?

Description

Time

  • Played on: March 13, 2021, 11:10 a.m.
  • Length: 14:20

All games in this series

Show
View Real Time Build Order
Export as new Build Order

HeroMarine Terran 

Build Orders: Reaper Expand, Hellion Banshee 

Get SALT Encoding   

  12  0:00  SCV  
  13  0:12  SCV  
  14  0:17  Supply Depot  
  14  0:24  SCV  
  15  0:39  SCV, Barracks  
  16  0:43  Refinery  
  16  0:51  SCV  
  17  1:03  SCV  
  18  1:15  SCV  
  19  1:26  Reaper  
  19  1:27  Orbital Command  
  20  1:38  Command Center  
  20  1:47  Supply Depot  
  20  1:52  SCV  
  21  1:58  Marine  
  22  2:04  SCV  
  22  2:08  Factory  
  23  2:17  SCV  
  23  2:19  Barracks Reactor  
  24  2:29  SCV  
  25  2:39  Command Center  
  25  2:41  SCV  
  26  2:51  Orbital Command  
  26  2:53  SCV  
  27  3:00  Starport  
  27  3:05  SCV  
  28  3:06  Refinery  
  28  3:10  Hellion  
  28  3:11  Hellion  
  32  3:12  Barracks Tech Lab  
  32  3:17  SCV x2  
  34  3:29  SCV x2  
  34  3:31  Hellion  
  34  3:33  Hellion  
  40  3:41  SCV x2  
  40  3:42  Banshee  
  45  3:51  Orbital Command  
  45  3:53  Hellion  
  45  3:54  SCV x2, Hellion  
  51  3:58  Cloaking Field  
  51  4:06  SCV x2  
  51  4:07  Supply Depot  
  53  4:11  Barracks Tech Lab  
  53  4:15  Hellion  
  53  4:16  Hellion  
  57  4:18  SCV x2  
  57  4:20  SCV  
  60  4:29  Banshee  
  60  4:30  SCV x2  
  65  4:32  Orbital Command, Supply Depot  
  65  4:34  Marine  
  66  4:42  SCV x2  
  66  4:45  Barracks, Factory Reactor  
  68  4:46  Refinery, Barracks  
  68  4:47  Refinery, Stimpack  
  68  4:52  Marine  
  69  4:54  SCV x2, Supply Depot  
  69  4:59  Engineering Bay  
  71  5:00  SCV, Engineering Bay  
  71  5:06  SCV  
  71  5:07  SCV  
  74  5:09  Supply Depot  
  74  5:10  Marine  
  74  5:12  SCV  
  76  5:18  SCV  
  76  5:19  SCV  
  78  5:24  Starport Reactor  
  78  5:26  SCV  
  78  5:27  Terran Infantry Armor Level 1, Terran Infantry Weapons Level 1  
  79  5:30  Marine  
  79  5:31  SCV  
  79  5:32  Supply Depot  
  79  5:33  Marine x2  
  83  5:36  Factory Reactor  
  83  5:37  SCV  
  83  5:38  Barracks  
  83  5:39  SCV, Barracks  
  83  5:41  Marine x2  
  87  5:47  SCV  
  87  5:48  Marine  
  90  5:50  SCV  
  90  5:51  Marine x2  
  90  5:53  Supply Depot  
  90  5:56  SCV, Supply Depot  
  93  5:58  Marine  
  93  5:59  SCV, Marine  
  93  6:02  SCV  
  97  6:06  Marine  
  97  6:07  Medivac x2  
  101  6:13  Supply Depot x2  
  101  6:14  Marine x2  
  101  6:16  Widow Mine, Armory  
  101  6:17  Widow Mine  
  107  6:21  Marine x2  
  107  6:23  SCV  
  107  6:24  SCV  
  107  6:25  SCV  
  112  6:26  Combat Shield  
  112  6:29  Barracks Reactor x2  
  112  6:30  Marine  
  112  6:32  Marine  
  114  6:33  Refinery  
  114  6:35  SCV  
  114  6:36  SCV  
  114  6:37  SCV, Supply Depot  
  117  6:40  Marine x2, Supply Depot  
  117  6:41  Marine  
  117  6:46  Medivac x2  
  124  6:48  Marine  
  124  6:50  SCV x2, Factory  
  124  6:52  SCV  
  124  6:53  Marine  
  129  6:58  Marine x2  
  129  6:59  Marine  
  132  7:02  Widow Mine x2  
  132  7:05  Marine  
  132  7:07  Marine x2  
  139  7:10  Marine  
  139  7:12  Marine x2  
  142  7:18  Marine x2  
  142  7:19  Marine  
  145  7:23  Sensor Tower  
  145  7:24  Marauder  
  145  7:25  Marine x2  
  145  7:26  Terran Infantry Weapons Level 2  
  145  7:28  Command Center  
  149  7:30  Terran Infantry Armor Level 2  
  149  7:38  Drilling Claws  
  149  7:49  Marauder, Marine  
  149  7:50  Marine  
  149  7:52  Marine x3  
  149  7:53  Marine  
  149  7:56  Marine  
  149  8:00  Terran Vehicle And Ship Armor Level 1, Supply Depot  
  149  8:01  Supply Depot  
  149  8:02  Medivac  
  149  8:03  Marine  
  149  8:04  Widow Mine x3, Supply Depot  
  156  8:06  Marine  
  157  8:13  Marine  
  157  8:18  Marine  
  157  8:19  Marine x2  
  153  8:21  Medivac  
  153  8:23  Marine  
  153  8:24  Marine x2  
  153  8:25  Widow Mine x3, Barracks x2  
  153  8:26  Marine  
  153  8:27  Marine  
  157  8:32  Medivac  
  160  8:39  Marine x3  
  145  8:41  Marine x2  
  145  8:43  SCV x2  
  145  8:44  SCV  
  145  8:47  Widow Mine x3  
  156  8:51  Medivac  
  156  8:54  Marine x2  
  160  8:55  SCV  
  160  8:56  SCV x2  
  160  9:02  Marauder, Marine x2, Medivac  
  168  9:03  Marine  
  168  9:08  Widow Mine x3  
  176  9:17  Barracks Tech Lab, Marine x4  
  168  9:18  Barracks Tech Lab  
  168  9:20  Marine x2  
  168  9:21  Marine, Medivac  
  168  9:23  Barracks  
  170  9:24  Marauder  
  170  9:26  Planetary Fortress  
  170  9:29  Widow Mine x2  
  174  9:32  Medivac  
  174  9:33  Marine  
  174  9:34  Marine  
  180  9:38  Marauder, Marine x2  
  180  9:39  Marine  
  180  9:40  Marauder  
  180  9:44  Widow Mine  
  185  9:45  Marauder  
  185  9:47  Marine x2  
  185  9:49  Marine  
  185  9:51  Widow Mine, Marine, Medivac  
  193  9:58  Marine x2  
  192  10:00  Marauder  
  192  10:01  Marine x2  
  192  10:02  Medivac  
  192  10:03  Widow Mine  
  196  10:09  Supply Depot  
  196  10:10  Sensor Tower  
  196  10:13  Marauder  
  196  10:14  Terran Infantry Weapons Level 3  
  196  10:15  Widow Mine  
  192  10:28  Marauder, Marine x3  
  181  10:30  Widow Mine x2, Medivac  
  181  10:33  Marauder  
  181  10:35  Marauder  
  194  10:37  Marine, Command Center  
  194  10:39  Marine x2, Command Center  
  194  10:41  Marine  
  194  10:42  Marine  
  199  10:46  Widow Mine  
  196  10:51  Marauder  
  196  10:54  Marine x2  
  200  11:07  Terran Infantry Armor Level 3  
  197  11:16  Factory  
  197  11:17  Factory  
  197  11:18  Marauder x2, Marine x4  
  188  11:23  Marauder, Marine  
  188  11:25  Marine  
  190  11:27  Marine x2  
  169  11:36  Marine x2  
  169  11:37  Marine x2  
  169  11:38  Siege Tank  
  169  11:39  Marauder x2  
  163  11:41  Marine  
  163  11:43  Marine  
  163  11:44  Widow Mine x2  
  163  11:45  Marauder, Marine x2  
  173  11:54  Marine x2  
  153  11:55  Marine x2  
  153  12:00  Marauder  
  153  12:01  Marauder  
  151  12:02  Marine x3  
  151  12:03  Marine  
  151  12:06  Orbital Command, Marauder  
  151  12:07  Factory Tech Lab  
  157  12:10  Siege Tank  
  157  12:11  Marine  
  157  12:12  Marine  
  157  12:13  Marine x2  
  164  12:19  Marine  
  164  12:20  Marine x2  
  164  12:22  Marauder x2  
  169  12:28  Marauder, Marine  
  169  12:29  Marine  
  170  12:30  Marine, Siege Tank  
  170  12:34  Orbital Command  
  170  12:35  Marine x2  
  176  12:39  Marine x2  
  176  12:40  Marine  
  176  12:43  Marauder, Marine  
  180  12:51  Factory Tech Lab, Siege Tank  
  180  12:57  Marine x3  
  184  12:59  Marine  
  184  13:02  Marine, Siege Tank  
  184  13:03  Factory Tech Lab  
  189  13:06  Marauder  
  180  13:23  Marauder x2, Siege Tank x3  
  193  13:28  Marauder  
  195  13:34  Siege Tank  
  195  13:37  Concussive Shells  
  195  13:38  Medivac  
  200  13:46  Missile Turret  
  200  13:47  Supply Depot  
Show
View Real Time Build Order
Export as new Build Order

Serral Zerg - Winner!

Build Orders: Hatch First, Lurkers 

Get SALT Encoding   

  12  0:00  Drone  
  13  0:11  Overlord  
  13  0:16  Drone  
  14  0:30  Drone x2  
  16  0:47  Hatchery  
  15  0:50  Drone  
  15  0:54  Drone  
  15  0:56  Drone  
  18  1:07  Extractor  
  17  1:12  Spawning Pool  
  17  1:15  Drone  
  17  1:18  Drone  
  18  1:27  Drone  
  19  1:37  Drone  
  20  1:48  Drone  
  21  1:59  Queen x2  
  21  2:00  Zergling x2  
  21  2:01  Zergling x2  
  27  2:12  Overlord  
  27  2:13  Drone  
  28  2:22  Hatchery  
  27  2:25  Drone  
  28  2:33  Spore Crawler  
  28  2:36  Drone  
  28  2:37  Metabolic Boost  
  28  2:40  Drone  
  30  2:44  Queen  
  30  2:49  Overlord  
  32  2:52  Drone  
  32  2:53  Drone  
  32  2:56  Drone  
  32  2:58  Drone  
  36  3:08  Drone x4  
  36  3:09  Drone  
  41  3:14  Overlord  
  41  3:19  Queen  
  41  3:25  Drone  
  44  3:28  Overlord  
  44  3:32  Queen  
  46  3:35  Queen  
  46  3:38  Drone  
  46  3:39  Drone  
  50  3:42  Zergling x4  
  50  3:45  Drone  
  50  3:46  Drone  
  54  3:49  Overlord  
  54  3:54  Zergling x2  
  55  3:55  Drone x2  
  55  3:56  Drone  
  55  3:59  Drone x2  
  55  4:00  Drone  
  61  4:04  Overlord  
  61  4:10  Queen  
  61  4:12  Queen  
  61  4:14  Zergling x2  
  66  4:17  Queen  
  66  4:19  Drone  
  66  4:20  Drone  
  70  4:26  Overlord  
  70  4:29  Drone x4  
  70  4:31  Drone x2  
  76  4:36  Overlord  
  76  4:39  Overlord  
  76  4:47  Baneling Nest  
  76  4:48  Lair  
  76  4:50  Zergling x2  
  76  4:51  Drone x4  
  76  4:52  Drone  
  81  4:53  Drone  
  81  4:59  Hatchery  
  81  5:01  Spore Crawler  
  81  5:03  Extractor, Spore Crawler  
  81  5:04  Spore Crawler  
  81  5:06  Zergling x2  
  78  5:07  Zergling x4  
  78  5:09  Drone  
  78  5:10  Drone  
  81  5:14  Extractor  
  81  5:15  Overlord  
  81  5:17  Spore Crawler  
  81  5:20  Zergling x2  
  81  5:21  Drone x2  
  82  5:23  Drone x4  
  86  5:30  Drone x2  
  86  5:31  Drone x2, Evolution Chamber  
  86  5:32  Evolution Chamber  
  86  5:35  Drone x4  
  92  5:42  Drone x2  
  94  5:46  Centrifical Hooks, Overseer  
  94  5:48  Drone x2  
  96  5:51  Extractor x2, Overseer  
  96  5:53  Overlord  
  94  5:58  Zerg Melee Weapons Level 1  
  94  6:00  Drone x2  
  94  6:01  Spore Crawler  
  93  6:04  Drone  
  93  6:07  Drone x2  
  93  6:08  Drone x4  
  93  6:09  Drone x3  
  102  6:11  Drone  
  102  6:12  Drone, Overseer  
  104  6:18  Hatchery  
  104  6:22  Zerg Ground Armor Level 1  
  104  6:25  Queen  
  104  6:27  Drone x2  
  104  6:28  Drone  
  104  6:30  Zergling x4  
  109  6:33  Zergling x10  
  109  6:36  Zergling x2  
  115  6:40  Zergling x8  
  115  6:43  Baneling x8  
  115  6:46  Drone  
  120  6:47  Overlord  
  120  6:50  Overlord x2  
  120  6:53  Overlord  
  120  6:56  Pneumatized Carapace  
  120  6:57  Overlord  
  120  7:06  Spore Crawler  
  120  7:08  Drone x2  
  120  7:10  Zergling x10  
  120  7:11  Zergling x4  
  120  7:15  Zergling x6, Overseer  
  128  7:22  Hatchery, Zergling x2  
  129  7:25  Zergling x6  
  131  7:31  Zergling x16  
  139  7:42  Drone x2, Hydralisk Den, Infestation Pit  
  139  7:43  Extractor  
  138  7:47  Drone x3  
  138  7:49  Zergling x16  
  144  7:57  Overlord  
  144  7:58  Zerg Melee Weapons Level 2  
  143  7:59  Drone x9  
  143  8:04  Zergling x6  
  155  8:10  Baneling x9  
  155  8:11  Zergling x2  
  155  8:12  Zergling x2  
  145  8:21  Zerg Ground Armor Level 2, Zergling x14  
  145  8:26  Hive  
  149  8:28  Baneling x4  
  149  8:29  Baneling x6  
  149  8:30  Lurker Den  
  149  8:32  Zergling x26  
  152  8:42  Baneling  
  152  8:43  Baneling x11  
  152  8:47  Overseer  
  152  8:48  Baneling  
  152  8:49  Zergling x20  
  152  8:51  Baneling  
  152  8:52  Baneling x2  
  161  8:58  Extractor, Queen  
  161  8:59  Drone x5, Extractor, Spore Crawler  
  161  9:00  Drone, Overlord x2  
  166  9:03  Zergling x16  
  166  9:05  Baneling x5  
  174  9:10  Overlord x3  
  174  9:14  Zergling x8  
  167  9:25  Zergling x12  
  167  9:31  Extractor  
  172  9:32  Extractor, Drone x4  
  172  9:33  Drone x2, Spine Crawler, Spore Crawler  
  172  9:35  Drone x3  
  178  9:42  Hatchery  
  178  9:43  Zergling x4  
  178  9:44  Zergling x18  
  172  9:53  Zergling x8  
  175  10:05  Seismic Spines, Hydralisk x9  
  193  10:08  Baneling  
  185  10:17  Zergling x26  
  185  10:19  Baneling x8  
  173  10:29  Zergling x12  
  173  10:34  Lurker x8  
  173  10:35  Lurker  
  183  10:38  Zergling x24  
  183  10:42  Muscular Augments  
  195  10:44  Zerg Missile Weapons Level 1  
  189  10:52  Zergling x16  
  197  10:58  Baneling x18  
  197  11:01  Hatchery  
  196  11:05  Zergling x6  
  187  11:15  Zerg Ground Armor Level 3  
  187  11:16  Adaptive Talons  
  174  11:27  Zergling x2  
  174  11:28  Zergling x42  
  174  11:32  Overseer  
  170  11:52  Hydralisk x3  
  170  11:53  Zergling x26  
  174  11:58  Zergling x14  
  174  12:01  Hatchery  
  165  12:06  Zergling x8  
  165  12:07  Baneling  
  165  12:08  Baneling  
  164  12:11  Hatchery  
  164  12:13  Baneling  
  164  12:14  Baneling x11  
  163  12:16  Zergling x26  
  163  12:20  Lurker x3  
  179  12:29  Baneling x2  
  170  12:30  Hydralisk x2  
  170  12:31  Zergling x22  
  185  12:37  Baneling x5  
  179  12:51  Viper  
  179  12:52  Viper x2  
  179  12:53  Hydralisk x5  
  179  12:54  Hydralisk  
  195  13:07  Baneling x10  
  195  13:09  Lurker x2  
  195  13:11  Hatchery  
  191  13:15  Zergling x2  
  191  13:16  Zergling x14  
  190  13:28  Zergling x18  
  190  13:36  Zergling x18  
  190  13:39  Baneling x12  
  190  13:40  Baneling x11  
  195  13:47  Drone x3  
  198  14:01  Overseer  
Tags
 
Add a new tag
Caveats
  • Supply blocks, unpowered buildings, or Contaminate may cause inaccurate times.
  • Supply counts are checked every 10 seconds.